 Seeded DCSS version 0.30-a0-760-g5a9884bb7c (webtiles) character file.

Game seed: 15589826190844343474 (custom seed)

107 Mickster the Trooper (level 4, -2/34 (40) HPs)
             Began as a Hill Orc Fighter on Feb 12, 2023.
             Slain by Grinder (3 damage)
             ... on level 3 of the Dungeon.
             The game lasted 00:17:25 (1546 turns).

Mickster the Trooper (Hill Orc Fighter)             Turns: 1546, Time: 00:17:25

HP:   -2/34 (40)    AC:  8    Str: 20    XL:     4   Next: 86%
MP:   4/4           EV:  9    Int:  8    God:
Gold: 123           SH:  4    Dex: 10    Spells: 3/3 levels left

rFire   + . .      SeeInvis .    a - +1 war axe
rCold   . . .      Faith    .    c - +0 buckler
rNeg    . . .      Spirit   .    b - +1 scale mail
rPois   .          Reflect  .    (no helmet)
rElec   .          Harm     .    g - scarf {+Inv}
rCorr   .          Rampage  .    (no gloves)
Will    .....                    (no boots) Stlth
                                 (no amulet)
HPRegen 0.25/turn                k - ring of protection from fire
MPRegen 0.09/turn                (no ring)

@: heavily drained
A: no striking features
a: Evoke Invisibility


You were on level 3 of the Dungeon.
You visited 1 branch of the dungeon, and saw 3 of its levels.

You collected 123 gold pieces.

Inventory:

Hand Weapons
 a - a +1 war axe (weapon)
 e - a +0 sling
Missiles
 i - 18 stones (quivered)
Armour
 b - a +1 scale mail (worn)
 c - a +0 buckler (worn)
 g - a scarf of invisibility (worn)
Jewellery
 k - a ring of protection from fire (left hand)
Wands
 h - a wand of roots (8)
Scrolls
 f - 2 scrolls of enchant armour
 j - a scroll of magic mapping
Potions
 d - a potion of might


   Skills:
 + Level 4.2 Fighting
 + Level 4.1 Axes
 + Level 3.8 Armour
 + Level 0.7 Dodging
 + Level 4.2 Shields


You had 3 spell levels left.
You didn't know any spells.
Your spell library contained the following spells:

 Spells                   Type           Power      Damage    Failure   Level
 Kiss of Death            Conj/Necr      0%         2d5       85%         1
 Call Canine Familiar     Summ           0%         N/A       99%         3
 Portal Projectile        Hex/Tloc       0%         N/A       99%         3
 Leda's Liquefaction      Hex/Erth       0%         N/A       100%        4


Dungeon Overview and Level Annotations

Branches:
Dungeon (3/15)

Altars:

Annotations:
D:3 Grinder, Terence


Message History

You hit Grinder but do no damage.
Grinder is moderately wounded.
Grinder gestures at you. You resist with significant effort.
Grinder says, "Wait up."
You block Grinder's attack.
You closely miss Grinder.
Grinder is moderately wounded.
You closely miss Terence.
Terence hits you with a +4 mace of draining.
You feel drained. Grinder barely misses you.
You closely miss Grinder.
Grinder is moderately wounded.
You slash Terence! You block Terence's attack.
Grinder hits you but does no damage.
You hit Grinder.
Grinder is heavily wounded.
You barely miss Terence. Terence hits you but does no damage.
You feel drained. Grinder gestures at you. You resist with significant effort.
Terence bares his teeth.
Terence completely misses you. Grinder hits you!
You writhe in agony.
You barely miss Grinder.
Grinder is heavily wounded.
You closely miss Terence.
Terence hits you with a +4 mace of draining!
You feel drained. Grinder closely misses you.
You slash Grinder!
Grinder is severely wounded.
You barely miss Terence. Terence closely misses you.
You block Grinder's attack.
You closely miss Grinder.
Grinder is severely wounded.
You closely miss Terence.
Terence hits you with a +4 mace of draining.
* * * LOW HITPOINT WARNING * * *
You feel drained. Grinder hits you.
* * * LOW HITPOINT WARNING * * *
You writhe in agony.
You die...

#5@###.....)....#
#........††)...####
##..##......).......
.....##........#####
#............##
#.>.#.......<#
####.....†...#
##5......####
.#####.@@..####
..........##
..........#
.........##
.........#
###.###### ##


You could see Grinder and Terence.

Vanquished Creatures
  Natasha (twice) (D:2)
  3 adders
  A dart slug (D:2)
  An endoplasm (D:3)
  2 giant cockroaches
  2 goblins (D:3)
  6 hobgoblins
  2 jackals (D:3)
  A kobold (D:2)
  A quokka (D:2)
  4 ball pythons
  A frilled lizard (D:3)
  A rat (D:1)
27 creatures vanquished.

Notes
Turn   | Place    | Note
-------+----------+-------------------------------------------
     0 | D:1      | Mickster the Hill Orc Fighter began the quest for the Orb.
     0 | D:1      | Reached XP level 1. HP: 19/19 MP: 1/1
   521 | D:2      | Reached XP level 2. HP: 27/27 MP: 2/2
   845 | D:2      | Reached XP level 3. HP: 29/33 MP: 3/3
   942 | D:2      | Noticed Natasha
   950 | D:2      | Killed Natasha
  1087 | D:2      | Noticed Natasha
  1098 | D:2      | Killed Natasha
  1099 | D:2      | Reached XP level 4. HP: 40/40 MP: 4/4
  1222 | D:2      | Found a faded altar of an unknown god.
  1459 | D:2      | Got Plato's Book of the Salvo
  1525 | D:3      | Noticed Terence
  1528 | D:3      | Noticed Grinder
  1546 | D:3      | HP: 1/34 [Grinder (5)]
  1546 | D:3      | Slain by Grinder

Illustrated notes

Levels and vault maps discovered:
D:1:      evilmike_arrival_crescent, layout_loops_cross
D:2:      layout_basic, shapermc_ecumenical_altar_rom_forum, uniq_natasha
D:3:      layout_rooms, serial_shops, nicolae_shop_stone, uniq_terence,
          uniq_grinder

Skill      XL: |  1  2  3  4 |
---------------+-------------+-----
Shields        | 4 |  4.2
Axes           | 3 4 |  4.1
Fighting       | 4 |  4.2
Armour         | |  3.8
Dodging        | |  0.7

Action                     |  1- 3 |  4- 6 || total
---------------------------+-------+-------++-------
  Melee: War axe           |    43 |    31 ||    74
    Use: Scroll            |     8 |     1 ||     9
         Potion            |     2 |     1 ||     3
 Armour: Scale mail        |    19 |    21 ||    40
  Dodge: Dodged            |    18 |    18 ||    36
  Block: Buckler           |    14 |     9 ||    23

Table legend: (Time is in decaauts)
 A = Elapsed time spent in this place.
 B = Non-inter-level travel time spent in this place.
 C = Inter-level travel time spent in this place.
 D = Time resting spent in this place.
 E = Time spent auto-exploring this place.
 F = Levels seen in this place.
 G = Mean time per level.
                   A        B        C        D        E       F      G
               +--------+--------+--------+--------+--------+-----+--------+
         Total |   1556 |   1526 |     30 |    147 |      0 |   3 |  518.7 |
       Dungeon |   1556 |   1526 |     30 |    147 |      0 |   3 |  518.7 |
               +--------+--------+--------+--------+--------+-----+--------+

Top non-repeatable levels by time:
     D:2: 983 daAuts
     D:1: 493 daAuts
     D:3: 79 daAuts
